 Dungeon Crawl Stone Soup version 0.29-a0-993-g4a18f31a58 (webtiles) character file.

Game seed: 3382582654546660576

191 zeratav the Stinger (level 5, 0/31 HPs)
             Began as an Octopode Venom Mage on Aug 2, 2022.
             Slain by an orc
             ... wielding a +0 war axe
              (1 damage)
             ... on level 5 of the Dungeon.
             The game lasted 00:02:55 (3592 turns).

zeratav the Stinger (Octopode Venom Mage)           Turns: 3592, Time: 00:02:56

Health: 0/31       AC:  8    Str:  7    XL:     5   Next: 70%
Magic:  8/8        EV: 17    Int: 20    God:
Gold:   118        SH:  0    Dex: 12    Spells: 1/8 levels left

rFire   . . .      SeeInvis .   e - +2 mace (protect) {mace}
rCold   . . .      Faith    .   (no shield)
rNeg    . . .      Spirit   .   (helmet restricted)
rPois   .          Reflect  .   (no amulet)
rElec   .          Harm     .   r - +4 ring of evasion
rCorr   .          Rampage  .   (no ring)
Will    .....                   (no ring)
Stlth   ++++......              (no ring)
HPRegen 0.10/turn               (no ring)
MPRegen 0.11/turn               (no ring)
                                (no ring)
                                (no ring)

@: under a protective aura
A: almost no armour, amphibious, 8 rings, camouflage 1, gelatinous body 1,
(nimble swimmer 1), tentacles
a: no special abilities


You were on level 5 of the Dungeon.
You visited 1 branch of the dungeon, and saw 4 of its levels.

You collected 118 gold pieces.


Innate Abilities, Weirdness & Mutations

You cannot wear most types of armour.
You are amphibious.
You can wear up to eight rings at the same time.
Your skin changes colour to match your surroundings (Stealth+).
Your rubbery body absorbs attacks. (AC +1, EV +1)
((You are camouflaged when in or above water. (Stealth+)))
You have tentacles for arms and can constrict up to eight enemies at once.


   Skills:
 - Level 2.0 Dodging
 - Level 5.0 Stealth
 - Level 2.0 Spellcasting
 - Level 1.0 Transmutations
 + Level 6.5 Poison Magic


You had one spell level left.
You knew the following spells:

 Your Spells              Type           Power      Damage    Failure   Level
a - Sting                 Tmut/Pois      68%        1d6       3%          1
b - Poisonous Vapours     Pois/Air       30%        N/A       6%          2
c - Olgreb's Toxic Radia  Pois           28%        N/A       11%         4

Your spell library contained the following spells:

 Spells                   Type           Power      Damage    Failure   Level
 Beastly Appendage        Tmut           12%        N/A       11%         1
 Spider Form              Tmut/Pois      17%        N/A       10%         3
 Wereblood                Tmut           6%         N/A       16%         2
 Mephitic Cloud           Conj/Pois/Air  10%        N/A       19%         3
 Call Canine Familiar     Summ           2%         N/A       43%         3
 Gell's Gravitas          Tloc           2%         N/A       43%         3
 Lesser Beckoning         Tloc           2%         N/A       43%         3
 Portal Projectile        Hex/Tloc       4%         N/A       43%         3
 Teleport Other           Tloc           2%         N/A       43%         3
 Leda's Liquefaction      Hex/Erth       1%         N/A       83%         4

Inventory:

Hand Weapons
 e - a +2 mace of protection (weapon) {mace}
   (You found it on level 1 of the Dungeon)
 j - a +2 dagger of speed {short}
   (You took it off a goblin on level 2 of the Dungeon)
 l - a +3 mace {mace}
   (You found it on level 2 of the Dungeon)
Jewellery
 r - a +4 ring of evasion (left tentacle)
   (You found it on level 5 of the Dungeon)
Wands
 p - a wand of flame (28)
   (You found it on level 5 of the Dungeon)
Scrolls
 b - 2 scrolls of enchant armour {unknown}
 d - 3 scrolls of identify {unknown}
 g - a scroll of brand weapon {unknown}
 k - a scroll of noise {unknown}
 n - a scroll of immolation {unknown}
Potions
 a - 3 potions of magic
 c - a potion of ambrosia {unknown}
 f - a potion of mutation {unknown}
 h - 4 potions of curing {unknown}
 i - a potion of attraction {unknown}
 m - a potion of degeneration {unknown}
 o - a potion of lignification {unknown}
 q - a potion of heal wounds {unknown}

Dungeon Overview and Level Annotations

Branches:
Dungeon (5/15) Zot: 20359
 Temple: D:4-7

Altars:

Annotations:
D:5 2 runed translucent doors, BleedingAnus's ghost, novice HOMo

#...#........#...
.#).#####...'........#...
..#..........#........#...
...#..........###'######...
.o.#..........##...##..####
..W#.....##................
..h#.....##................
.8##......o................
###......o@...#######.##.##
......$.o##...##.[.##.##.##
....#...##...##......#....
## #...##...........#....
#.................#....
#.............>...#.†..
#.................#....
##..###...##......#....
...# .<.##.....###...


You could see an orc priest and 2 orcs.


Message History

The orc barely misses you. x2; The orc hits you with a +0 hand axe.
The orc barely misses you.
HP[-2]
You take 2 damage, and now have 21/31 hp.
You hit the orc but do no damage. You squeeze the orc.
You kill the orc!
The orc barely misses you.
You hit the worm. You grab the worm. You squeeze the worm!
You constrict the worm. The orc barely misses you. The worm misses you.
You hit the worm.
You kill the worm!
The orc misses you. The orc closely misses you.
HP[+1]
You closely miss the orc. Your grab misses the orc.
Your squeeze misses the orc. The orc completely misses you.
You hit the orc. Your grab misses the orc. The orc closely misses you.
The orc misses you.
You hit the orc but do no damage. You grab the orc. You squeeze the orc.
You kill the orc!
No target in view!
No target in view!
No target in view!
No target in view!
No target in view!
No target in view!
No target in view!
No target in view!
No target in view!
No target in view!
No target in view!
No target in view!
No target in view!
There is an open door here.
Key pressed, stopping explore.
There is an open door here.
An orc priest comes into view. It is wielding a +2 vorpal trident.
The orc priest moves out of view.
HP[+9]
Your hp is fully restored (31).
No target in view! 2 orcs come into view.
The orc moves out of view.
An orc is nearby!
An adder comes into view.
The orc shouts!
The orc priest shouts!
The orc priest mumbles some strange prayers to Beogh against you.
Beogh smites you!
The adder hisses angrily.
HP[-10]
You take 10 damage, and now have 21/31 hp.
MASSIVE DAMAGE!! (PAUSE)
A phantom comes into view.
Found a stone staircase leading up.
The adder misses you. The orc misses you.
You hit the adder but do no damage.
Your weapon exudes an aura of protection.
You grab the adder. Your squeeze misses the adder. You constrict the adder.
The howler monkey howls!
The orc shouts!
The adder bites you but does no damage. The orc completely misses you.
The adder completely misses you.
HP[+1]
You hit the adder but do no damage. You constrict the adder.
The orc barely misses you. The orc hits you but does no damage.
The adder misses you.
The orc priest hits you from afar with a +2 vorpal trident.
* * * LOW HITPOINT WARNING * * *
The orc misses you. The orc closely misses you. The adder closely misses you.
You are too injured to fight recklessly!
HP[-7]
You take 7 damage, and now have 15/31 hp.
MASSIVE DAMAGE!! (PAUSE)
You are too injured to fight recklessly!
You are too injured to fight recklessly!
You are too injured to fight recklessly!
You are too injured to fight recklessly!
Unknown command.
You release your grip on the adder.
The orc attacks as you move away! The orc closely misses you.
The adder attacks as you move away! The adder barely misses you.
The adder closely misses you.
You miss the adder. You grab the adder. You squeeze the adder.
You constrict the adder. The adder closely misses you.
The orc priest closely misses you. The adder barely misses you.
You hit the adder.
Your weapon exudes an aura of protection.
You kill the adder!
The orc priest looks satisfied for a moment.
The orc hits you but does no damage. The orc closely misses you.
The orc hits you with a +0 mace!
* * * LOW HITPOINT WARNING * * *
The orc priest looks braver for a moment.
HP[-7]
You take 7 damage, and now have 8/31 hp.
MASSIVE DAMAGE!! (PAUSE)
You hit the orc. Your grab misses the orc.
You squeeze the orc, but do no damage.
The orc priest hits you from afar with a +2 vorpal trident.
* * * LOW HITPOINT WARNING * * *
x2 The orc hits you with a +0 war axe.
You die...

Skill      XL: |  1  2  3  4 |
---------------+-------------+-----
Stealth        | 3 4 5 |  5.0
Poison Magic   | 4 6 |  6.5
Dodging        | |  2.0
Spellcasting   | |  2.0
Transmutations | |  1.0

Action                   |  1- 3 |  4- 6 || total
-------------------------+-------+-------++-------
Melee: Club              |     9 |       ||     9
       Unarmed           |     7 |       ||     7
       Constrict         |    17 |    15 ||    32
       Tentacles         |    12 |    14 ||    26
       Punch             |     1 |     1 ||     2
       Mace              |    61 |    57 ||   118
 Cast: Sting             |     6 |       ||     6
       Poisonous Vapours |       |     1 ||     1
 Stab: Sleeping          |    16 |     2 ||    18
Armor: Skin              |    13 |    20 ||    33
Dodge: Dodged            |    47 |    51 ||    98

Levels and vault maps discovered:
D:1:      co_arrival_square_in_a_square_in_a_square, layout_loops_ring,
          minmay_misc_feat_room
D:2:      layout_loops_ring, serial_forest, infiniplex_forest_lined_room_3,
          infiniplex_forest_lined_room_3, infiniplex_forest_clump_curved,
          infiniplex_forest_straight_5, infiniplex_forest_end_2,
          infiniplex_forest_clump_tiny, infiniplex_forest_straight_2,
          infiniplex_forest_lined_corner, infiniplex_forest_end_1,
          infiniplex_forest_lined_2, patterned_corridor
D:3:      layout_basic, uniq_ijyb, uniq_robin
D:5:      lemuel_insect_pit, layout_gridville, gammafunk_ghost_arena,
          uniq_menkaure

Notes
Turn   | Place    | Note
-------+----------+-------------------------------------------
     0 | D:1      | zeratav the Octopode Venom Mage began the quest for the
                  | Orb.
     0 | D:1      | Reached XP level 1. HP: 11/11 MP: 3/3
     0 | D:1      | magus.rc [v1.9.6]
   324 | D:1      | Reached skill level 3 in Stealth
   522 | D:1      | HP: 1/11 [quokka (4)]
   844 | D:1      | Reached XP level 2. HP: 17/17 MP: 5/5
   891 | D:1      | You pick up a book of Displacement and begin reading...
   891 | D:1      | You add the spells Lesser Beckoning, Gell's Gravitas and
                  | Teleport Other to your library.
   905 | D:1      | Reached skill level 4 in Poison Magic
  1312 | D:1      | You pick up a book of the Hunter and begin reading...
  1312 | D:1      | You add the spells Call Canine Familiar, Portal Projectile
                  | and Leda's Liquefaction to your library.
  1785 | D:2      | Reached XP level 3. HP: 17/21 MP: 6/6
  1852 | D:2      | You pick up a book of Changes and begin reading...
  1852 | D:2      | You add the spells Beastly Appendage, Wereblood and Spider
                  | Form to your library.
  1870 | D:2      | Reached skill level 4 in Stealth
  2787 | D:3      | Reached XP level 4. HP: 27/27 MP: 7/7
  2793 | D:3      | Reached skill level 5 in Stealth
  2793 | D:3      | Reached skill level 5 in Poison Magic
  2929 | D:3      | Learned a level 2 spell: Poisonous Vapours
  2934 | D:3      | Learned a level 4 spell: Olgreb's Toxic Radiance
  3107 | D:3      | You fall into a shaft and drop 2 floors!
  3107 | D:5      | Entered Level 5 of the Dungeon
  3134 | D:5      | Reached skill level 6 in Poison Magic
  3134 | D:5      | Reached XP level 5. HP: 31/31 MP: 8/8
  3155 | D:5      | Found a runed translucent door.
  3157 | D:5      | Found a runed translucent door.
  3194 | D:5      | HP: 7/31 [orc priest/divine providence (15)]
  3584 | D:5      | Noticed a phantom
  3586 | D:5      | Noticed BleedingAnus's ghost (novice HOMo)
  3592 | D:5      | HP: 2/31 [orc priest/+2 vorpal trident (6)]
  3592 | D:5      | Slain by an orc

Vanquished Creatures
  A howler monkey (D:3)
  An orc priest (D:5)
  A hound (D:5)
  3 adders
  A worm (D:5)
  A dart slug (D:2)
  4 orcs (D:5)
  3 endoplasms
  9 goblins
  11 hobgoblins
  4 quokkas
  3 ball pythons
  6 bats
  5 frilled lizards
  A kobold (D:2)
  4 rats
58 creatures vanquished.

Vanquished Creatures (others)
  A plant (D:2)
1 creature vanquished.

Grand Total: 59 creatures vanquished

Table legend:
 A = Non-vault XP
 B = Vault XP
 C = Vault XP percentage of total XP
 D = Non-vault monster count
 E = Vault monster count
 F = Vault count percentage of total count
                 A         B        C        D         E       F
            +---------+---------+-------+---------+---------+-------
      Total |     254 |      19 |   7.0 |      48 |      10 |  17.2
            +---------+---------+-------+---------+---------+-------
        D:1 |      22 |       0 |   0.0 |      15 |       0 |   0.0
        D:2 |      59 |       0 |   0.0 |      20 |       0 |   0.0
        D:3 |      62 |      19 |  23.5 |       5 |      10 |  66.7
        D:5 |     111 |       0 |   0.0 |       8 |       0 |   0.0
            +---------+---------+-------+---------+---------+-------

Illustrated notes

Table legend:
 A = Kills in this place as a percentage of kills in entire the game.
 B = Kills by you in this place as a percentage of kills by you in the entire game.
 C = Kills by friends in this place as a percentage of kills by friends in the entire game.
 D = Other kills in this place as a percentage of other kills in the entire game.
 E = Experience gained in this place as a percentage of experience gained in the entire game.
 F = Experience gained in this place divided by the number of levels of this place that you have seen.
                   A       B       C       D       E      F
               +-------+-------+-------+-------+-------+----------------------
         Total | 100.0 | 100.0 |   N/A |   N/A | 100.0 |  68.2
       Dungeon | 100.0 | 100.0 |   N/A |   N/A | 100.0 |  68.2
               +-------+-------+-------+-------+-------+----------------------

Table legend: (Time is in decaauts)
 A = Elapsed time spent in this place.
 B = Non-inter-level travel time spent in this place.
 C = Inter-level travel time spent in this place.
 D = Time resting spent in this place.
 E = Time spent auto-exploring this place.
 F = Levels seen in this place.
 G = Mean time per level.
                   A        B        C        D        E       F      G
               +--------+--------+--------+--------+--------+-----+--------+
         Total |   3639 |   3560 |     79 |    232 |   2905 |   4 |  909.8 |
       Dungeon |   3639 |   3560 |     79 |    232 |   2905 |   4 |  909.8 |
               +--------+--------+--------+--------+--------+-----+--------+

Top non-repeatable levels by time:
     D:1: 1500 daAuts
     D:2: 1300 daAuts
     D:5: 493 daAuts
     D:3: 344 daAuts
